 Dungeon Crawl Stone Soup version 0.27.1-1-g398f81649c (webtiles) character file.

Game seed: 9542508786259907291

177 Conn the Firebug (level 5, -2/31 HPs)
             Began as an Octopode Fire Elementalist on Sept 10, 2021.
             Killed by nerve-wracking pain
             ... invoked by an orc priest
              (13 damage)
             ... on level 3 of the Dungeon.
             The game lasted 00:05:24 (2909 turns).

Conn the Firebug (Octopode Fire Elementalist)       Turns: 2909, Time: 00:05:24

Health: -2/31      AC:  1    Str:  7    XL:     5   Next: 57%
Magic:  3/9        EV: 13    Int: 18    God:
Gold:   150        SH:  0    Dex: 13    Spells: 6/10 levels left

rFire    . . .     SeeInvis .   k - +3 short sword (speed)
rCold    . . .     Faith    .   (no shield)
rNeg     . . .     Spirit   .   (helmet restricted)
rPois    .         Reflect  .   (no amulet)
rElec    .         Harm     .   (no ring)
rCorr    .         Rampage  .   (no ring)
Will     .....                  (no ring)
Stlth    +++.......             (no ring)
HPRegen  0.10/turn              (no ring)
MPRegen  0.11/turn              (no ring)
                                (no ring)
                                (no ring)

@: very slightly contaminated
A: almost no armour, amphibious, 8 rings, camouflage 1, gelatinous body 1,
(nimble swimmer 1), tentacles
a: no special abilities


You were on level 3 of the Dungeon.
You visited 1 branch of the dungeon, and saw 3 of its levels.

You collected 150 gold pieces.

Inventory:

Hand Weapons
 c - a +0 dagger
 j - a +1 dagger of draining
 k - a +3 short sword of speed (weapon)
Scrolls
 d - a scroll of identify {unknown}
 i - a scroll of enchant armour {unknown}
 l - a scroll of enchant weapon {unknown}
 m - a scroll of noise {unknown}
 n - a scroll of immolation {unknown}
Potions
 a - a potion of invisibility {unknown}
 b - 3 potions of heal wounds {unknown}
 e - a potion of ambrosia {unknown}
 f - a potion of might {unknown}
 g - a potion of magic {unknown}
 h - a potion of haste {unknown}


   Skills:
 + Level 0.1 Fighting
 + Level 0.3 Short Blades
 + Level 2.3 Dodging
 + Level 4.0 Stealth
 + Level 0.1 Unarmed Combat
 + Level 3.1 Spellcasting
 + Level 2.0 Conjurations
 + Level 4.1 Fire Magic


You had 6 spell levels left.
You knew the following spells:

 Your Spells              Type           Power      Damage    Failure   Level
a - Foxfire               Conj/Fire      56%        2x1d6     4%          1
b - Conjure Flame         Conj/Fire      14%        6-21      13%         3

Your spell library contained the following spells:

 Spells                   Type           Power      Damage    Failure   Level
 Inner Flame              Hex/Fire       10%        N/A       21%         3
 Ignite Poison            Fire/Tmut/Pois 7%         N/A       26%         3
 Sticky Flame             Conj/Fire      14%        2d4       41%         4
 Fireball                 Conj/Fire      7%         3d5       77%         5


Dungeon Overview and Level Annotations

Branches:
Dungeon (3/15)

Altars:
The Shining One


Innate Abilities, Weirdness & Mutations

You cannot wear most types of armour.
You are amphibious.
You can wear up to eight rings at the same time.
Your skin changes colour to match your surroundings (Stealth+).
Your rubbery body absorbs attacks. (AC +1, EV +1)
((You are camouflaged near water. (Stealth+)))
You have tentacles for arms and can constrict up to eight enemies at once.


Message History

Casting: Foxfire (safe; 4% risk of failure)
Confirm with . or Enter, or press ? or * to list all spells.
You conjure some foxfire!
The foxfire hits the orc.
The orc is severely wounded.
The foxfire hits the orc but does no damage.
The orc is severely wounded.
The orc hits you with a +0 flail!
Casting: Foxfire (safe; 4% risk of failure)
Confirm with . or Enter, or press ? or * to list all spells.
You conjure some foxfire!
The foxfire hits the orc but does no damage.
The orc is severely wounded.
The orc barely misses you.
The foxfire hits the orc wizard.
The orc wizard is moderately wounded.
Casting: Foxfire (safe; 4% risk of failure)
Confirm with . or Enter, or press ? or * to list all spells.
You miscast Foxfire.
You are very lightly contaminated with residual magic.
Nothing appears to happen.
The foxfire hits the orc but does no damage.
The orc is severely wounded.
The foxfire hits the orc but does no damage.
The orc is severely wounded.
The orc completely misses you.
Casting: Foxfire (safe; 4% risk of failure)
Confirm with . or Enter, or press ? or * to list all spells.
You conjure some foxfire!
The orc misses you.
The orc wizard points at you and mumbles some strange words.
The puff of flame hits you!
Unknown command.
Casting: Foxfire (safe; 4% risk of failure)
Confirm with . or Enter, or press ? or * to list all spells.
You conjure some foxfire!
The foxfire hits the orc.
You kill the orc!
The foxfire hits the orc wizard but does no damage.
The orc wizard is moderately wounded.
The orc wizard hits you with a +0 dagger.
The orc priest invokes the aid of Beogh against you.
Pain shoots through your body!
You die...

....# ....### ####
....'.##### ##### ....#
....###...# #...# ....#
....###...# #...#.....#
.....##...####...#.....#
..........'..'...'...o.+
...#.##...####.oo#.....#
...#.##...#.....@# ...o#
...#.##...#....§v#######
##.#>.....+.............
#......###....#########
#.# ##......# #....# #.#
........# #...†# #.#
###.....# #....# #.#
#.....# #....# ##.##
###..[..###....# #...#


You could see an orc priest and an orc wizard.

Vanquished Creatures
  An orc priest (D:3)
  Robin (D:3)
  4 adders
  A worm (D:2)
  A dart slug (D:1)
  4 orcs (D:3)
  7 ball pythons
  6 endoplasms
  4 giant cockroaches
  16 goblins
  6 hobgoblins
  6 kobolds
  3 quokkas (D:1)
  10 bats
  15 frilled lizards
  A jackal skeleton (D:2)
  10 rats
96 creatures vanquished.

Vanquished Creatures (collateral kills)
  2 foxfires (D:1)
2 creatures vanquished.

Vanquished Creatures (others)
  207 foxfires
  9 plants (D:1)
216 creatures vanquished.

Grand Total: 314 creatures vanquished

Notes
Turn   | Place    | Note
-------+----------+-------------------------------------------
     0 | D:1      | Conn the Octopode Fire Elementalist began the quest for the
                  | Orb.
     0 | D:1      | Reached XP level 1. HP: 11/11 MP: 3/3
   118 | D:1      | Reached XP level 2. HP: 17/17 MP: 3/5
   740 | D:1      | Reached XP level 3. HP: 20/21 MP: 2/6
  1241 | D:2      | Learned a level 3 spell: Conjure Flame
  1410 | D:2      | Reached XP level 4. HP: 26/27 MP: 1/7
  2237 | D:2      | Found a glowing golden altar of the Shining One.
  2391 | D:3      | Reached XP level 5. HP: 31/31 MP: 0/9
  2591 | D:3      | Identified the +0 helmet of Isuv Bei {Dex+6}
  2591 | D:3      | Noticed Robin
  2624 | D:3      | Killed Robin
  2909 | D:3      | Killed from afar by an orc priest

Illustrated notes

Levels and vault maps discovered:
D:1:      ebering_trefoil_twist, layout_basic, minmay_lizard_king
D:2:      minmay_thinvault, layout_rooms, basic_altar, grunt_decor_clamped
D:3:      minmay_general_purpose_star, layout_basic,
          ebering_ecumenical_altar_ruins, uniq_sigmund, uniq_robin

Skill      XL: |  1  2  3  4  5 |
---------------+----------------+-----
Stealth        | 3 4 |  4.0
Spellcasting   | 3 |  3.1
Fire Magic     | 4 |  4.1
Conjurations   | 2 |  2.0
Fighting       | |  0.1
Short Blades   | |  0.3
Dodging        | |  2.3
Unarmed Combat | |  0.1

Action                   |  1- 3 |  4- 6 || total
-------------------------+-------+-------++-------
Melee: Unarmed           |    22 |       ||    22
       Constrict         |     9 |    13 ||    22
       Tentacles         |     4 |     4 ||     8
       Dagger            |     5 |    37 ||    42
       Short sword       |       |    13 ||    13
 Cast: Foxfire           |    64 |    61 ||   125
 Stab: Sleeping          |     1 |     2 ||     3
Armor: Skin              |     5 |     9 ||    14
Dodge: Dodged            |    25 |    52 ||    77
